 Dungeon Crawl Stone Soup version 0.23.2-40-g277498a001 (webtiles) character file.

Game seed: 15787474209303507602

132 Htamos the Conjurer (level 4, -2/37 HPs)
             Began as a Draconian Conjurer on Sept 2, 2019.
             Slain by an orc
             ... wielding a +0 hand axe
              (4 damage)
             ... on level 2 of the Dungeon.
             The game lasted 00:04:40 (2071 turns).

Htamos the Conjurer (Draconian Conjurer)            Turns: 2071, Time: 00:04:41

Health: -2/37      AC:  5    Str: 11    XL:     4   Next: 92%
Magic:  1/7        EV: 12    Int: 21    God:
Gold:   106        SH:  0    Dex: 11    Spells: 5/8 levels left

rFire    . . .     SeeInvis .   j - +0 dagger
rCold    . . .     Gourm    .   (no shield)
rNeg     . . .     Faith    .   (armour unavailable)
rPois    .         Spirit   .   (helmet restricted)
rElec    .         Reflect  .   (no cloak)
rCorr    .         Harm     .   (no gloves)
MR       .....                  (no boots)
Stlth    ++........             (no amulet)
HPRegen  0.12/turn              (no ring)
MPRegen  0.10/turn              (no ring)

@: brilliant, flying, very slightly contaminated
A: unfitting armour, cold-blooded, AC +5
a: no special abilities


You were on level 2 of the Dungeon.
You were hungry.

You visited 1 branch of the dungeon, and saw 2 of its levels.

You collected 106 gold pieces.

Inventory:

Hand Weapons
 f - a +0 spear
 j - a +0 dagger (weapon)
Missiles
 c - 31 arrows
 d - 77 stones (quivered)
Scrolls
 e - 2 scrolls of magic mapping {unknown}
 h - 2 scrolls of remove curse {unknown}
 i - a scroll of amnesia
Comestibles
 b - 2 rations


   Skills:
 * Level 2.4 Fighting
 + Level 1.4 Short Blades
 + Level 2.4 Dodging
 - Level 2.0 Stealth
 + Level 2.6 Spellcasting
 + Level 4.5 Conjurations


You had 5 spell levels left.
You knew the following spells:

 Your Spells              Type           Power        Failure   Level  Hunger
a - Magic Dart            Conj           ####         1%          1    None
b - Searing Ray           Conj           ####..       1%          2    ##.....

Your spell library contained the following spells:

 Spells                   Type           Power        Failure   Level  Hunger
 Dazzling Spray           Conj/Hex       ###...       1%          3    ###....
 Iskenderun's Mystic Bla  Conj           ####....     2%          4    ####...
 Force Lance              Conj/Tloc      ###.....     6%          4    ####...
 Fulminant Prism          Conj/Hex       ###.......   6%          4    ####...


Dungeon Overview and Level Annotations

Branches:
Dungeon (2/15)

Altars:

Annotations:
D:1 exclusion: downstairs


Innate Abilities, Weirdness & Mutations

Your plain brown scales are hard. (AC +5)
You cannot fit into any form of body armour.
You are cold-blooded and may be slowed by cold attacks.


Message History

It was a potion of flight.
You feel very buoyant.
You fly up into the air.
The orc misses you.
The orc priest calls down the wrath of Beogh upon you.
Beogh smites you!
* * * LOW HITPOINT WARNING * * *
The orc barely misses you.
It was a potion of brilliance.
You feel clever all of a sudden. The orc hits you but does no damage.
The orc priest barely misses you. The orc barely misses you.
Unknown command.
As you read the scroll labeled SENWAO CYXO, it crumbles to dust.
It is a scroll of identify.
i - a scroll of amnesia The orc hits you with a +0 dagger.
* * * LOW HITPOINT WARNING * * *
The orc priest looks encouraged for a moment.
The orc hits you with a +0 hand axe.
You die...

.............[..[....#......
.#.......[.#.........#......
##.........#...............
....(......#............#
#......................##
##..).....#............#
#..........#.......#.##
#..........#.8..o8.#.###
#.<........#..o@...#.).#
#..........#...o...#...#
#..........#..)....#...###.#
##.........#.8...8.#........
###.......#.#.......#......./
#.........#.##.....##.##.....
<.........#.###$⌠$###.# .....
##...........#######..# .....
#########...........## ....


You could see an orc priest and 2 orcs.

Vanquished Creatures
  A bullfrog (D:1)
  5 adders (D:2)
  A dart slug (D:1)
  2 orcs (D:2)
  A giant cockroach (D:1)
  A goblin (D:1)
  2 hobgoblins
  2 jackals (D:2)
  3 kobolds
  4 bats
  2 frilled lizards (D:1)
  2 rats
26 creatures vanquished.

Notes
Turn   | Place    | Note
-------+----------+-------------------------------------------
     0 | D:1      | Htamos the Draconian Conjurer began the quest for the Orb.
     0 | D:1      | Reached XP level 1. HP: 14/14 MP: 3/3
   639 | D:1      | Reached XP level 2. HP: 20/20 MP: 0/5
  1040 | D:1      | Learned a level 2 spell: Searing Ray
  1275 | D:2      | Noticed a bullfrog
  1290 | D:1      | Killed a bullfrog
  1290 | D:1      | Reached skill level 1 in Fighting
  1290 | D:1      | Reached skill level 1 in Short Blades
  1290 | D:1      | Reached XP level 3. HP: 17/29 MP: 1/6
  1290 | D:1      | Reached XP level 4. HP: 21/36 MP: 1/7
  2071 | D:2      | Slain by an orc

Skill      XL: |  1  2  3  4 |
---------------+-------------+-----
Stealth        | 2 |  2.0
Dodging        | 2 |  2.4
Fighting       | 1 2 |  2.4
Short Blades   | 1 |  1.4
Spellcasting   | |  2.6
Conjurations   | |  4.5

Action                   |  1- 3 |  4- 6 || total
-------------------------+-------+-------++-------
Melee: Spear             |    13 |       ||    13
       Tailslap          |     4 |     2 ||     6
       Unarmed           |     3 |       ||     3
       Dagger            |    15 |    29 ||    44
 Cast: Magic Dart        |    20 |    25 ||    45
       Searing Ray       |     1 |     7 ||     8
  Use: Potion            |       |     3 ||     3
       Scroll            |       |     1 ||     1
 Stab: Sleeping          |     1 |       ||     1
  Eat: Chunk             |     1 |     3 ||     4
Armor: Skin              |    11 |    11 ||    22
Dodge: Dodged            |    17 |    32 ||    49
